 Dungeon Crawl Stone Soup version 0.21.0-25-ge575cb9 (webtiles) character file.

68 aannoonn the Cudgeler (level 4, 0/34 HPs)
             Began as a Formicid Gladiator on Jan 23, 2018.
             Slain by a jackal (1 damage)
             ... on level 2 of the Dungeon.
             The game lasted 00:07:45 (781 turns).

aannoonn the Cudgeler (Formicid Gladiator)           Turns: 781, Time: 00:07:45

Health: 0/34       AC:  8    Str: 20    XL:     4   Next: 41%
Magic:  4/4        EV:  8    Int:  7    God:
Gold:   71         SH:  0    Dex: 12    Spells: 3/3 levels left

rFire    . . .     SeeInvis +   a - +0 flail
rCold    . . .     Gourm    .   (no shield)
rNeg     . . .     Faith    .   m - +0 chain mail
rPois    .         Spirit   .   (helmet unavailable)
rElec    .         Reflect  .   (no cloak)
rCorr    .         Harm     .   (no gloves)
MR       .....                  (no boots)
Stlth    ..........             q - amulet of inaccuracy (curse)
HPRegen  0.11/turn              k - ring of teleportation (curse)
MPRegen  0.09/turn              (no ring)

@: no status effects
A: permanent stasis, dig shafts and tunnels, four strong arms, antennae 3
a: Dig, Shaft Self


You were on level 2 of the Dungeon.
You were not hungry.

You visited 1 branch of the dungeon, and saw 2 of its levels.

You collected 71 gold pieces.

Inventory:

Hand Weapons
 a - a +0 flail (weapon)
 e - a +0 dagger
 g - a cursed -2 dagger
 h - a +0 dagger
 i - a +0 short sword
 j - a cursed -2 club
 n - a +5 short sword
 o - a +0 short sword
Missiles
 f - 76 stones (quivered)
 r - 3 tomahawks of returning
Armour
 b - a +0 leather armour
 m - a +0 chain mail (worn)
Jewellery
 k - a cursed ring of teleportation (left hand)
 q - a cursed amulet of inaccuracy (around neck)
 s - an uncursed ring of wizardry {unknown}
Scrolls
 l - 2 scrolls of fear {unknown}
 p - a scroll of identify
Comestibles
 d - 2 rations


   Skills:
 + Level 2.7 Fighting
 + Level 3.9 Maces & Flails
 + Level 2.2 Throwing
 + Level 1.4 Armour
 + Level 3.1 Dodging


You had 3 spell levels left.
You didn't know any spells.

Dungeon Overview and Level Annotations

Branches:
Dungeon (2/15)

Altars:


Innate Abilities, Weirdness & Mutations

You cannot be hasted, slowed, berserked, paralysed or teleported.
You can dig through walls and to a lower floor.
Your four strong arms can wield two-handed weapons with a shield.
You have a pair of large antennae on your head. (SInv)


Message History

* * * LOW HITPOINT WARNING * * *
You miss the leopard gecko.
The leopard gecko is moderately wounded.
The leopard gecko bites you.
* * * LOW HITPOINT WARNING * * *
You sock the leopard gecko!
You kill the leopard gecko!
You barely miss the jackal.
The jackal bites you but does no damage. x2
You miss the jackal.
The jackal bites you but does no damage. x2
You hit the jackal.
You kill the jackal!
The jackal closely misses you.
Your chain mail prevents you from hitting the jackal.
The jackal bites you but does no damage.
You barely miss the jackal.
The jackal bites you but does no damage.
The jackal bites you.
You die...

#..# .. #..# .. #..# .#
######..#############.#
#.....†h##............#
#.####h###.#####.###.##
#h###.# #.# #.#
#.#h##.# #.###.####
#.###@..# #........# ##
#.#..# #####.##.#
#.##..# #.# # ## #..#
#.# #..# #.# #..# #.#
#... ..# #.### ### #.#


You could see 3 jackals.

Vanquished Creatures
  Natasha (D:2)
  2 oozes (D:1)
  A leopard gecko (D:2)
  A giant cockroach (D:1)
  5 goblins (D:1)
  2 hobgoblins (D:1)
  7 jackals
  A ball python (D:2)
  3 bats (D:1)
  A frilled lizard (D:1)
  4 kobolds
  5 rats (D:1)
33 creatures vanquished.

Notes
Turn   | Place    | Note
-------+----------+-------------------------------------------
     0 | D:1      | aannoonn the Formicid Gladiator began the quest for the Orb.
     0 | D:1      | Reached XP level 1. HP: 16/16 MP: 1/1
    84 | D:1      | Reached XP level 2. HP: 21/22 MP: 2/2
   266 | D:1      | Reached XP level 3. HP: 27/28 MP: 3/3
   418 | D:1      | Reached skill level 1 in Armour
   691 | D:2      | Noticed Natasha
   717 | D:2      | Killed Natasha
   717 | D:2      | Reached XP level 4. HP: 27/34 MP: 4/4
   775 | D:2      | HP: 1/34 [leopard gecko (4)]
   781 | D:2      | Slain by a jackal

Skill      XL: |  1  2  3 |
---------------+----------+-----
Dodging        | 3 |  3.1
Armour         | 1 |  1.4
Fighting       | |  2.7
Maces & Flails | |  3.9
Throwing       | |  2.2

Action                   |  1- 3 |  4- 6 || total
-------------------------+-------+-------++-------
Melee: Flail             |    88 |    60 ||   148
Throw: Throwing net      |       |     3 ||     3
  Use: Scroll            |     1 |       ||     1
       Potion            |     2 |       ||     2
Armor: Leather armour    |    19 |       ||    19
       Chain mail        |    23 |    39 ||    62
Dodge: Dodged            |    50 |    33 ||    83
